[Event "*** Titled Tuesday Blitz"]
[Site "Chess.com"]
[Date "2018.10.02"]
[Round "6"]
[White "wonderfultime"]
[Black "Tjktiger"]
[Result "1-0"]
[WhiteElo "2859"]
[BlackElo "2707"]
[TimeControl "180+2"]
[EndTime "14:21:14 PDT"]
[Termination "wonderfultime won on time"]

1. d4 d6 2. Nf3 g6 3. g3 Bg7 4. Bg2 Nf6 5. O-O O-O 6. c4 Nc6 7. Nc3 e5 8. dxe5 Nxe5 9. Nxe5 dxe5 10. Qxd8 Rxd8 11. Bg5 Rd7 12. Rfd1 c6 13. h3 h6 14.
Be3 Rxd1+ 15. Rxd1 Be6 16. b3 Bf8 17. Na4 Nd7 18. Kh2 Kg7 19. h4 f5 20. f3 Be7 21. Bh3 g5 22. Bf2 Kf7 23. hxg5 hxg5 24.
Kg1 a5 25. e4 fxe4 26. Bxe6+ Kxe6 27. Rxd7 Kxd7 28. Nb6+ Ke6 29. Nxa8 exf3 30. Be3 g4 31. Nb6 Kf5 32. Kf2 Ke4 33. Nd7 b5 34. cxb5 cxb5 35. Bb6 Kd5 36. Be3 1-0

[Event "*** Titled Tuesday Blitz"]
[Site "Chess.com"]
[Date "2018.10.02"]
[Round "6"]
[White "Blagorod"]
[Black "Ziyamammadov"]
[Result "1-0"]
[WhiteElo "2049"]
[BlackElo "1919"]
[TimeControl "180+2"]
[EndTime "14:21:16 PDT"]
[Termination "Blagorod won by resignation"]

1. e4 e6 2. d4 d5 3. Nc3 Nf6 4. exd5 exd5 5. Bd3 Bb4 6. Ne2 O-O 7. O-O Bg4 8. f3 Bh5 9. Ng3 Bg6 10. f4 Bxd3 11.
Qxd3 c5 12. Be3 cxd4 13. Bxd4 Nc6 14. Bxf6 Qxf6 15. Nxd5 Qxb2 16. Rab1 Bc5+ 17. Kh1 Qd4 18. Rxb7 Rad8 19. Nc3 Qxd3 20. cxd3 Rxd3 21. Nce4 Bb6 22. f5 f6 23. Rc1 Rfd8 24. h4 Ne5 25. Nh5 Ng4 26.
Rxg7+ Kh8 27. Rxg4 Bd4 28. Nhxf6 Be5 29. Kg1 Bd4+ 30.
Kh2 Be5+ 31. g3 Rd2+ 32. Nxd2 Rxd2+ 33. Kg1 Bxf6 34. Rc8+ Bd8 35. f6 Rd1+ 36. Kf2 Rd2+ 37. Ke3 Rd7 38. f7 Re7+ 39. Kd3 Rd7+ 40. Kc2 Rc7+ 41.
Rxc7 Be7 1-0

[Event "*** Titled Tuesday Blitz"]
[Site "Chess.com"]
[Date "2018.10.02"]
[Round "6"]
[White "Nathan_Filgueiras"]
[Black "PowerThinking2650"]
[Result "0-1"]
[WhiteElo "2181"]
[BlackElo "2338"]
[TimeControl "180+2"]
[EndTime "14:21:23 PDT"]
[Termination "PowerThinking2650 won by resignation"]

1. e4 e5 2. Nf3 Nc6 3. Bc4 Nf6 4. d3 h6 5. O-O d6 6. c3 g6 7. d4 Qe7 8. Re1 Bg7 9. h3 O-O 10. Be3 Kh7 11. Nbd2 Nh5 12. d5 Nd8 13. Nf1 f6 14. Bd3 Nf7 15. c4 Ng5 16. b4 a5 17. a3 axb4 18.
Nxg5+ fxg5 19. axb4 Rxa1 20. Qxa1 Nf4 21. Qc3 g4 22.
hxg4 Bxg4 23. Nh2 Bh5 24. Bf1 Qg5 25. g3 Bg4 26. Bg2 Bh3 27. Bxh3 Nxh3+ 28. Kg2 Qh5 29. c5 g5 30. cxd6 cxd6 31. Qd3 Nf4+ 32. gxf4 exf4 33. Bd4 f3+ 34. Kh1 Rf4 35. Bxg7 Rh4 36. e5+ Kxg7 37. Kg1 Rxh2 38. Qxf3 Qxf3 0-1

[Event "*** Titled Tuesday Blitz"]
[Site "Chess.com"]
[Date "2018.10.02"]
[Round "6"]
[White "Cryptinz"]
[Black "murmah2003"]
[Result "0-1"]
[WhiteElo "2374"]
[BlackElo "2568"]
[TimeControl "180+2"]
[EndTime "14:21:26 PDT"]
[Termination "murmah2003 won by resignation"]

1. d4 d5 2. c4 e6 3. Nf3 Nf6 4. Nbd2 Be7 5. g3 O-O 6. Bg2 c5 7. cxd5 Na6 8. dxe6 Bxe6 9. dxc5 Bxc5 10. O-O Qb6 11.
Ng5 Ng4 12. e3 Nxe3 13. Qh5 h6 14. Nxe6 Nxf1 15. Nxc5 Nxd2 16. Nxa6 Rad8 17. Nc5 Rfe8 18.
Bxd2 Rxd2 19. Rf1 Qb5 20. Bd5 Re7 21. b4 Qxb4 22. Ne4 Rxe4 23. Bxe4 Qxe4 24. Qa5 Qd4 25. Qb5 Qd7 26. Qa5 b6 27. Qc3 g6 28. Qa3 h5 29.
Qa6 Rd1 30. Rxd1 Qxd1+ 31. Kg2 Qd5+ 32. Kg1 Qd7 33. h4 Kg7 34. Qc4 Qd1+ 35. Kg2 Qa1 36. a4 Qe5 37. Qb4 Qc5 38. Qb2+ Kg8 39. Qf6 Qc4 40.
Qd8+ Kg7 41. Qd7 a6 42. Kh2 b5 43. axb5 axb5 44. Qd2 b4 45. Qb2+ Qc3 46. Qb1 b3 47. Kg2 Qc2 48. Qe1 b2 49. Qe5+ Kh7 50. Qf4 Qb3 0-1

[Event "*** Titled Tuesday Blitz"]
[Site "Chess.com"]
[Date "2018.10.02"]
[Round "6"]
[White "tteshan"]
[Black "senecacrane"]
[Result "1-0"]
[WhiteElo "2031"]
[BlackElo "2162"]
[TimeControl "180+2"]
[EndTime "14:21:29 PDT"]
[Termination "tteshan won by checkmate"]

1. e4 c6 2. d4 d5 3. Nc3 dxe4 4. Nxe4 Bf5 5. Ng3 Bg6 6. h4 h6 7. h5 Bh7 8. Nf3 Nd7 9. Bd3 Bxd3 10. Qxd3 Qc7 11.
Bd2 Ngf6 12. Ne4 e6 13. g3 Nxe4 14. Qxe4 Bd6 15. O-O-O O-O-O 16. c4 c5 17. d5 Nf6 18.
Qd3 exd5 19. cxd5 Qd7 20. Bc3 Rhe8 21. Bxf6 gxf6 22. Rhe1 Qg4 23. Nh4 Qxh5 24. Nf5 Re5 25. Rxe5 fxe5 26. Qc2 Qg6 27. Rh1 h5 28. Nxd6+ Qxd6 29.
Qf5+ Rd7 30. Rd1 c4 31. Qxh5 c3 32. bxc3 Qa3+ 33. Kb1 Rd6 34. Qh8+ Kd7 35. Qxe5 Rb6+ 36. Kc2 Qa4+ 37. Kd2 Rb2+ 38. Ke1 Qc2 39. Qe3 Rxa2 40. d6 Kc6 41. d7 Ra4 42. d8=Q Re4 43. Qd7# 1-0

[Event "*** Titled Tuesday Blitz"]
[Site "Chess.com"]
[Date "2018.10.02"]
[Round "6"]
[White "Vamostodorecto"]
[Black "ddtru"]
[Result "1-0"]
[WhiteElo "2416"]
[BlackElo "2239"]
[TimeControl "180+2"]
[EndTime "14:21:34 PDT"]
[Termination "Vamostodorecto won on time"]

1. d4 d5 2. c4 c6 3. Nf3 Nf6 4.
Nc3 e6 5. e3 Nbd7 6. Bd3 Bd6 7.
O-O dxc4 8. Bxc4 b5 9. Bd3 Bb7 10. e4 e5 11. dxe5 Nxe5 12. Nxe5 Bxe5 13. f4 Bd4+ 14.
Kh1 b4 15. Ne2 Bb6 16. Ng3 O-O 17. e5 Nd5 18. Qc2 h6 19. f5 f6 20. e6 Qd6 21.
Bc4 Ne7 22. Bf4 Qc5 23. Rad1 Rad8 24. Rd7 Rxd7 25. exd7+ Kh7 26. Rd1 Nd5 27. Bc1 Rd8 28. Ne4 Qe7 29. Qe2 Qxd7 30. Qh5 Qe8 31. Qg4 Qf7 32. Re1 Re8 33. Bd2 Bc7 34. Bxb4 a5 35. Bd2 Re5 36. Bc3 Re8 37. Rf1 Be5 38. Bxa5 Bxb2 39.
a4 Ra8 40. Bc3 Bxc3 41. Nxc3 1-0

[Event "*** Titled Tuesday Blitz"]
[Site "Chess.com"]
[Date "2018.10.02"]
[Round "6"]
[White "kharov2001"]
[Black "51616516516"]
[Result "1-0"]
[WhiteElo "2204"]
[BlackElo "2299"]
[TimeControl "180+2"]
[EndTime "14:21:46 PDT"]
[Termination "kharov2001 won by resignation"]

1. e4 c5 2. Nf3 g6 3. d4 cxd4 4. Nxd4 Nc6 5. c4 Nf6 6. Nc3 d6 7. f3 Bg7 8. Be3 O-O 9. Be2 Bd7 10. Nc2 a5 11. O-O Be6 12. Qd2 Nd7 13. Rac1 Nc5 14. b3 f5 15. exf5 Bxf5 16. Rfe1 Ne5 17. Nd4 Bd7 18.
Bf1 Ne6 19. Rcd1 Nxd4 20. Bxd4 e6 21. Ne4 Bc6 22. Qc3 Qe7 23. c5 Bxe4 24. Rxe4 Nc6 25.
Bxg7 Qxg7 26. Qxg7+ Kxg7 27. Rxd6 e5 28. Bb5 Nd4 29. Bf1 Rfe8 30. Rd7+ Kf6 31. Rxb7 Rac8 32. Rxh7 Rxc5 33. Rd7 Rc2 34. Rdxd4 exd4 35. Rxe8 Rxa2 36. Rd8 Ke5 37. Bc4 Rc2 38. Rd5+ 1-0

[Event "*** Titled Tuesday Blitz"]
[Site "Chess.com"]
[Date "2018.10.02"]
[Round "6"]
[White "2165149677570"]
[Black "ViktorMatviishen"]
[Result "1-0"]
[WhiteElo "2344"]
[BlackElo "2466"]
[TimeControl "180+2"]
[EndTime "14:21:52 PDT"]
[Termination "2165149677570 won on time"]

1. e4 g6 2. d4 Bg7 3. Nc3 b6 4. Be3 Bb7 5. Qd2 d6 6. O-O-O e6 7. h4 h5 8. Be2 Nd7 9. Nh3 Qe7 10. Bg5 Ngf6 11. Qe3 e5 12. d5 O-O 13. g4 hxg4 14.
Ng1 c6 15. h5 gxh5 16. Bh6 Rfc8 17. Qg5 Qf8 18. dxc6 Rxc6 19. Bb5 Rxc3 20. bxc3 Nxe4 21. Qxg7+ Qxg7 22. Bxg7 Nxc3 23. Rxh5 Kxg7 24. Bxd7 Nxd1 25. Kxd1 Kf6 26. Bxg4 Rg8 27. f3 Bxf3+ 28. Bxf3 Rxg1+ 29. Kd2 Ke6 30. Rh6+ f6 31. Rh7 d5 32. Rxa7 e4 33.
Be2 d4 34. Rb7 Rb1 35. a4 Rb4 36. Bb5 Ke5 37. Rxb6 f5 38. a5 Rb1 39. a6 Ra1 40.
Rb7 f4 41. a7 f3 42. Bc6 e3+ 43. Kd3 e2 44. Bxf3 e1=Q 45. Re7+ 1-0

[Event "*** Titled Tuesday Blitz"]
[Site "Chess.com"]
[Date "2018.10.02"]
[Round "6"]
[White "Kirill_Klukin"]
[Black "Ramosha"]
[Result "1-0"]
[WhiteElo "2611"]
[BlackElo "2470"]
[TimeControl "180+2"]
[EndTime "14:21:55 PDT"]
[Termination "Kirill_Klukin won by resignation"]

1. Nf3 Nf6 2. c4 e6 3. Nc3 d5 4.
d4 Be7 5. Bg5 O-O 6. e3 h6 7.
Bh4 b6 8. cxd5 Nxd5 9. Bxe7 Qxe7 10. Nxd5 exd5 11. Be2 Be6 12. O-O c5 13. dxc5 bxc5 14. Rc1 Nd7 15. Qa4 c4 16. Nd4 a5 17. Rfd1 Qb4 18. Qc2 Qb6 19. e4 Ne5 20. Nxe6 fxe6 21. exd5 exd5 22. Rxd5 Qxf2+ 23. Kh1 Rae8 24. h3 Kh8 25. Bxc4 Qg3 26. Be2 Rf2 27. Qe4 Qg5 28. Rf1 Rxf1+ 29. Bxf1 Rf8 30. Rxe5 Rxf1+ 31. Kh2 Qf4+ 32.
Qxf4 Rxf4 33. Rxa5 Rf2 34. b4 Rb2 35. b5 Kg8 36. a4 Kf7 37. Ra6 h5 38. b6 Ke6 39.
a5 Kd6 40. Ra7 Kc6 41. Rxg7 Rb5 42. Rc7+ Kd6 43. Ra7 h4 44. b7 Kc7 45. a6 Rb1 46.
Ra8 1-0

[Event "*** Titled Tuesday Blitz"]
[Site "Chess.com"]
[Date "2018.10.02"]
[Round "6"]
[White "Turkey-Champion"]
[Black "cool4chess"]
[Result "0-1"]
[WhiteElo "2303"]
[BlackElo "2192"]
[TimeControl "180+2"]
[EndTime "14:21:57 PDT"]
[Termination "cool4chess won by checkmate"]

1. e4 c5 2. Nf3 a6 3. d4 cxd4 4. Nxd4 Nf6 5. Nc3 e5 6. Nf5 d5 7. Bg5 d4 8. Nd5 Bxf5 9. Qf3 Be6 10. Bxf6 gxf6 11. Nxf6+ Ke7 12. Bd3 Qa5+ 13. Ke2 Nd7 14. Nh5 Rg8 15. h3 Bh6 16. g4 Qd2+ 17. Kf1 Bg5 18.
Rd1 Qb4 19. h4 Bf4 20. g5 Qd6 21. Ke2 h6 22. Rdg1 hxg5 23. hxg5 Rxg5 24. Nxf4 Rxg1 25. Nxe6 Rxh1 26. Ng7 Kf8 27. Nf5 Qg6 28. Qxh1 Nf6 29. Qh8+ Ng8 30. Qxe5 Re8 31. Qc5+ Ne7 32. Ng3 Qg4+ 33.
Ke1 Kg8 34. Qxd4 Ng6 35. Qf6 Nh4 36. Be2 Ng2+ 37. Kf1 Qh3 38. Kg1 Nh4 39. Qg5+ Kf8 40. Qc5+ Re7 41. Qc8+ Qxc8 42. Nf5 Nxf5 43. Bg4 Qxc2 44.
Bxf5 Qxb2 45. a4 Re5 46. a5 Rxa5 47. Kh1 Rxf5 48. exf5 Qxf2 49. f6 Qxf6 50. Kg2 Qg6+ 51. Kh1 Ke7 52. Kh2 Kf6 53. Kh1 Kf5 54. Kh2 Kf4 55. Kh3 Qg3# 0-1

[Event "*** Titled Tuesday Blitz"]
[Site "Chess.com"]
[Date "2018.10.02"]
[Round "6"]
[White "petrpalachev"]
[Black "ahmadzada13"]
[Result "1/2-1/2"]
[WhiteElo "2772"]
[BlackElo "2651"]
[TimeControl "180+2"]
[EndTime "14:21:58 PDT"]
[Termination "Game drawn by agreement"]

1. d4 Nf6 2. c4 e6 3. Nf3 c5 4. d5 exd5 5. cxd5 d6 6. Nc3 g6 7. Bf4 Bg7 8. e3 O-O 9. Be2 Na6 10. h3 Nc7 11. a4 a6 12. O-O Rb8 13.
a5 b5 14. axb6 Rxb6 15. Ra2 Ncxd5 16. Bg5 Nxc3 17. bxc3 h6 18. Bxf6 Qxf6 19. c4 Bb7 20. Nd2 d5 21. cxd5 Bxd5 22. Rc2 Rd8 23. Qc1 Bf8 24. Bf3 Bxf3 25. Nxf3 h5 26. Qa1 Qxa1 27. Rxa1 Rdb8 28. g4 hxg4 29. hxg4 Rb1+ 30. Rxb1 Rxb1+ 31. Kg2 a5 32. Ra2 Rb5 33. Ne5 Bg7 34. Nc4 Rb4 35.
Nxa5 Rxg4+ 36. Kf3 Rb4 37. Rc2 Rb5 38. Nc4 Rb4 39.
Ke4 Bf8 40. Kd5 Rb1 41. f4 Kg7 42. Ne5 Rd1+ 43. Ke4 f6 44. Nc4 Kh6 45. Rh2+ Kg7 46. Rc2 Be7 47. Ra2 Kf7 48. Ra7 Ke6 49. Ra6+ Bd6 50.
Kf3 Rd3 51. Ke2 Rd5 52. Kf3 g5 53. fxg5 fxg5 54. Rb6 Kd7 55. Nxd6 Rxd6 56. Rb7+ Kc6 57. Rg7 Rd5 58. e4 Re5 59. Ke3 Kb5 60. Kd3 c4+ 61. Kc3 1/2-1/2

[Event "*** Titled Tuesday Blitz"]
[Site "Chess.com"]
[Date "2018.10.02"]
[Round "6"]
[White "BilodeauA"]
[Black "maciek_92"]
[Result "1-0"]
[WhiteElo "2881"]
[BlackElo "2633"]
[TimeControl "180+2"]
[EndTime "14:21:58 PDT"]
[Termination "BilodeauA won by resignation"]

1. e4 c5 2. Nf3 e6 3. d4 cxd4 4. Nxd4 Nc6 5. Nc3 a6 6. Be2 Qc7 7. O-O Nf6 8. Be3 Be7 9. f4 d6 10. a4 Bd7 11. Kh1 Nxd4 12. Bxd4 Bc6 13. Bd3 O-O 14.
Qf3 Nd7 15. Qh3 h6 16. f5 e5 17. Be3 Qd8 18. Bc4 Bg5 19. Nd5 Rc8 20. c3 Nf6 21. Bxg5 hxg5 22. Rad1 Bxd5 23. Bxd5 Qb6 24. b4 a5 25. b5 Rc7 26. Qg3 g4 27. c4 Rfc8 28.
Qh4 Qe3 29. Rde1 Qh6 30. Qg3 Nxd5 31. cxd5 Qh5 32. f6 g6 33. Kg1 Rc3 34. Re3 Rc2 35. b6 R8c4 36. Qe1 Rxa4 37. Rc3 Rxe4 38. Qxe4 Rxc3 39. Qa4 Rc8 40. Qd7 Rf8 41. Qxb7 g3 42. hxg3 Qg5 43. Qc6 Qe3+ 44. Kh2 Kh7 45. Qd7 Qxb6 46.
Qh3+ Kg8 47. Qh6 1-0

[Event "*** Titled Tuesday Blitz"]
[Site "Chess.com"]
[Date "2018.10.02"]
[Round "6"]
[White "MFBerna"]
[Black "Jbd735"]
[Result "1-0"]
[WhiteElo "2425"]
[BlackElo "2314"]
[TimeControl "180+2"]
[EndTime "14:22:00 PDT"]
[Termination "MFBerna won on time"]

1. e4 e5 2. Nf3 Nc6 3. Bb5 a6 4. Ba4 Nf6 5. O-O Be7 6. Re1 b5 7. Bb3 d6 8. d3 Na5 9. Nc3 O-O 10.
h3 h6 11. Ne2 Nxb3 12. axb3 Re8 13. Ng3 Bf8 14. c4 Bd7 15. Nh2 c6 16. Qf3 Nh7 17. Nf5 Kh8 18. h4 Bxf5 19. Qxf5 Qxh4 20. Qxf7 Ng5 21.
Qf5 Ne6 22. Nf3 Qe7 23. g3 Nc5 24. Kg2 Nxd3 25. Rh1 Nxc1 26. Raxc1 Qe6 27. Qh5 Kg8 28. Nh4 bxc4 29. bxc4 Rab8 30. Rc2 Be7 31. Nf5 Bf8 32. Qg4 Kf7 33. Rd1 g6 34. Ne3 Qxg4 35. Nxg4 Rb4 36. Ne3 Reb8 37. c5 dxc5 38. Nc4 Kf6 39. Ra1 Rd8 40.
Rxa6 Rd4 41. Rxc6+ Kg5 42. Nxe5 Rxe4 43. Nxg6 Bg7 44.
R2xc5+ 1-0

[Event "*** Titled Tuesday Blitz"]
[Site "Chess.com"]
[Date "2018.10.02"]
[Round "6"]
[White "Benek77"]
[Black "StoreySniper"]
[Result "1-0"]
[WhiteElo "2598"]
[BlackElo "2421"]
[TimeControl "180+2"]
[EndTime "14:22:00 PDT"]
[Termination "Benek77 won on time"]

1. e4 g6 2. d4 Bg7 3. Nc3 c5 4. Nf3 Qa5 5. Be3 Nf6 6. Qd2 Nc6 7.
d5 Nb4 8. a3 Nxe4 9. Nxe4 Nxc2+ 10. Kd1 Qxd2+ 11. Kxd2 Nxa1 12. Bc4 Bxb2 13. Nxc5 d6 14. Nd3 Bg7 15. Bd4 Bxd4 16. Nxd4 Bd7 17. Rxa1 Rc8 18. Bb3 Bf5 19. Nxf5 gxf5 20. Rb1 b6 21.
Re1 Rg8 22. g3 h5 23. Ba4+ Kf8 24. Bc6 h4 25. a4 hxg3 26. hxg3 e5 27. a5 bxa5 28.
Ra1 Rg4 29. Rxa5 Rd4 30. Ke3 Rb8 31. Ra3 Rb1 32. Bd7 Rxd5 33. Bxf5 Rdb5 34. Rxa7 Rb7 35. Ra6 R1b6 36. Ra8+ Rb8 37. Ra7 R8b7 38. Ra8+ Rb8 39.
Ra2 Rb3 40. Be4 R8b4 41. Ra7 Rd4 42. Bf5 d5 43. Ke2 f6 44. Nc5 Rb2+ 45. Kf3 1-0

[Event "*** Titled Tuesday Blitz"]
[Site "Chess.com"]
[Date "2018.10.02"]
[Round "6"]
[White "Bryakin_Mikhail"]
[Black "Thjop"]
[Result "1/2-1/2"]
[WhiteElo "2671"]
[BlackElo "2627"]
[TimeControl "180+2"]
[EndTime "14:22:13 PDT"]
[Termination "Game drawn by agreement"]

1. d4 Nf6 2. c4 g6 3. Nc3 Bg7 4.
Nf3 d6 5. Bf4 O-O 6. e3 c5 7.
Be2 Bf5 8. O-O Nc6 9. h3 Ne4 10. Nxe4 Bxe4 11. d5 Na5 12. Nd2 Bf5 13. e4 Bd7 14.
Qc2 a6 15. Rab1 b5 16. b3 Rb8 17. Rfe1 Qc7 18. Bd3 bxc4 19. Nxc4 Nxc4 20. Bxc4 Bb5 21. g4 Bxc4 22. bxc4 Rb4 23. Bd2 Rxb1 24. Rxb1 Rb8 25. Rb3 Bd4 26. Kg2 f6 27. Qb1 Rxb3 28.
Qxb3 Kf7 29. a4 Qd7 30. a5 Qc8 31. Qb6 h5 32. g5 f5 33. Qb1 fxe4 34. Qxe4 Qf5 35.
Qf4 Be5 36. Qf3 e6 37. dxe6+ Kxe6 38. Qd5+ Ke7 39. Qb7+ Ke6 40. Qc8+ Kf7 41. Qxf5+ gxf5 42. h4 Kg6 43. Kf3 Kf7 44. Bf4 Kg6 45. Ke3 Kf7 46.
Kf3 Kg6 47. Be3 Kf7 48. Ke2 Kg6 49. Kd3 Kf7 50. Bd2 Kg6 51. Bc3 Kf7 52. Bd2 Kg6 53.
Be3 Kf7 54. Ke2 Kg6 55. Kf3 Kf7 56. Bd2 Kg6 57. Bf4 Kf7 58. Bd2 1/2-1/2

[Event "*** Titled Tuesday Blitz"]
[Site "Chess.com"]
[Date "2018.10.02"]
[Round "6"]
[White "Blitzstream"]
[Black "jerom555888"]
[Result "0-1"]
[WhiteElo "2626"]
[BlackElo "2713"]
[TimeControl "180+2"]
[EndTime "14:22:16 PDT"]
[Termination "jerom555888 won by resignation"]

1. d4 f5 2. e4 fxe4 3. Nc3 Nf6 4. Bg5 Nc6 5. d5 Ne5 6. Qd4 Nf7 7. Bxf6 exf6 8.
Nxe4 Be7 9. O-O-O O-O 10. g4 d6 11. Ng3 c5 12. dxc6 bxc6 13. Bd3 d5 14. Nf3 Rb8 15. Nf5 Bxf5 16. gxf5 Rb4 17. Qxa7 Bd6 18.
Nd4 Bb8 19. Qc5 Rxd4 20. Qxd4 Qa5 21. a3 Be5 22. Qb4 Qa7 23. c3 Rb8 24. Qg4 Qxf2 25. Qe2 Qf4+ 26. Rd2 Qa4 27. Rc2 Nd6 28. Rg1 Kh8 29.
Qg4 Qxg4 30. Rxg4 c5 31. Bf1 Nxf5 32. Re2 d4 33. cxd4 cxd4 34. b4 Ne3 35. Rxe3 dxe3 36.
Re4 Bxh2 37. Kb2 Bg1 38. a4 f5 39. Rc4 Re8 40. Kb3 g5 41. a5 e2 42. Bxe2 Rxe2 43. b5 f4 44. b6 Re1 45. Ka4 Rb1 46. Rc7 f3 47. Rf7 g4 48. b7 Ba7 49. a6 f2 50. Ka5 f1=Q 0-1

[Event "*** Titled Tuesday Blitz"]
[Site "Chess.com"]
[Date "2018.10.02"]
[Round "6"]
[White "Quiet_Desperation"]
[Black "sergeikim"]
[Result "1-0"]
[WhiteElo "1929"]
[BlackElo "2427"]
[TimeControl "180+2"]
[EndTime "14:22:18 PDT"]
[Termination "Quiet_Desperation won by resignation"]

1. e4 e5 2. Nf3 Nc6 3. Bb5 a6 4. Ba4 Nf6 5. d3 b5 6. Bb3 Be7 7. c3 O-O 8. O-O d5 9. Qe2 d4 10.
h3 Be6 11. Bxe6 fxe6 12. a4 b4 13.
Qc2 Nh5 14. cxd4 Nxd4 15. Nxd4 exd4 16. Nd2 Bd6 17. Nb3 Bf4 18. Qc4 Qg5 19. Nxd4 Qe5 20. Nxe6 Rf7 21. Nxf4 Nxf4 22. Bxf4 Qxf4 23. Qxb4 a5 24.
Qc4 Rf8 25. Rac1 Kh8 26. b4 Qd2 27. Rc2 Qxb4 28. Qxb4 axb4 29. Ra1 Rd7 30. a5 Rxd3 31. Rxc7 Ra8 32. Rb7 Ra3 33. Rb1 R3xa5 34. R1xb4 h6 35. Rb8+ Rxb8 36. Rxb8+ Kh7 37. Rb3 Kg6 38. Re3 Kf6 39. f4 h5 40. e5+ Ke6 41. g4 hxg4 42. hxg4 g6 43. Kg2 Ra1 44. Kg3 Ra4 45. Rd3 g5 46. Rd6+ Ke7 47. f5 Ra3+ 48. Kf2 Ra4 49. f6+ Kf7 50.
Rd7+ Ke8 51. f7+ Kf8 52. e6 Rf4+ 53. Ke3 Kg7 54. Rd8 Rf6 55. Rg8+ 1-0

[Event "*** Titled Tuesday Blitz"]
[Site "Chess.com"]
[Date "2018.10.02"]
[Round "6"]
[White "ChristopherYoo"]
[Black "biostatistician"]
[Result "0-1"]
[WhiteElo "2350"]
[BlackElo "2570"]
[TimeControl "180+2"]
[EndTime "14:22:19 PDT"]
[Termination "biostatistician won by resignation"]

1. e4 e6 2. d4 d5 3. Nc3 Nf6 4. Bg5 Be7 5. e5 Ne4 6. Bxe7 Qxe7 7. Nxe4 dxe4 8. c3 O-O 9. Qc2 f5 10.
exf6 Qxf6 11. O-O-O Nc6 12. Qxe4 e5 13. d5 Ne7 14. Nf3 Ng6 15. Bd3 Qb6 16. Nxe5 Bf5 17.
Qd4 Nxe5 18. Qxe5 Rae8 19. Qg3 Bxd3 20. Qxd3 Rxf2 21. Rd2 Re3 22. Qc4 Rxd2 23. Kxd2 Kh8 24. Kc1 Qh6 25. Kb1 Qg6+ 26. Ka1 Qxg2 27. Rb1 Qxh2 28. Qd4 Qe5 29. Qxa7 h5 30. Qxb7 h4 31. Qc8+ Kh7 32. Qd7 h3 33. Qg4 Qg3 34. Qh5+ Kg8 35. Qf5 h2 36. Qc8+ Kh7 37. Qf5+ Kh6 38. Qc8 Re1 39.
Qh8+ Kg6 40. a4 Rxb1+ 41. Kxb1 Qg1+ 42. Ka2 h1=Q 43. Qe8+ Kh7 44. Qd7 Qb1+ 45. Kb3 Qhd1+ 46. Kc4 Qbd3+ 47. Kc5 Qe3+ 48. Kb4 Qe4+ 49. Ka5 Qexd5+ 50. Qxd5 Qxd5+ 0-1

[Event "*** Titled Tuesday Blitz"]
[Site "Chess.com"]
[Date "2018.10.02"]
[Round "6"]
[White "017290"]
[Black "W_Amadeus"]
[Result "0-1"]
[WhiteElo "2383"]
[BlackElo "2608"]
[TimeControl "180+2"]
[EndTime "14:22:24 PDT"]
[Termination "W_Amadeus won by checkmate"]

1. e4 d6 2. d4 Nf6 3. Nc3 c6 4.
Nf3 Bg4 5. Be2 e6 6. O-O Be7 7. Re1 O-O 8. Bf4 d5 9. Ne5 Bxe2 10. Qxe2 dxe4 11. Rad1 Nd5 12. Bd2 f6 13. Nc4 b5 14.
Ne3 f5 15. Nf1 Bf6 16. f3 Bxd4+ 17. Kh1 Bxc3 18. bxc3 Nd7 19. fxe4 fxe4 20. Qxe4 Qf6 21. Qxe6+ Qxe6 22. Rxe6 Rac8 23. Ng3 Nc5 24. Rd6 Na4 25. Re1 Naxc3 26. Rd7 Rf7 27. Rxf7 Kxf7 28. Nf5 Rd8 29. h3 g6 30. Nh6+ Kg7 31. Ng4 h5 32.
Ne5 Re8 33. a3 c5 34. g4 hxg4 35. hxg4 b4 36. axb4 cxb4 37. Kg2 a5 38. Kf3 a4 39. g5 a3 40. Bf4 Nxf4 41. Kxf4 a2 42. Ra1 Rd8 43. Nd3 b3 44. Ke3 Rxd3+ 45. Kxd3 b2 46. Re1 b1=Q 47. Re7+ Kf8 48. Rc7 Qd1+ 49. Kxc3 a1=Q+ 50. Kb4 Qb2+ 51. Kc5 Qdd4+ 52. Kc6 Qbb6# 0-1

[Event "*** Titled Tuesday Blitz"]
[Site "Chess.com"]
[Date "2018.10.02"]
[Round "6"]
[White "GrigorGrigorov"]
[Black "SantoBlue"]
[Result "1-0"]
[WhiteElo "2745"]
[BlackElo "2810"]
[TimeControl "180+2"]
[EndTime "14:22:28 PDT"]
[Termination "GrigorGrigorov won by resignation"]

1. d4 Nf6 2. Nf3 e6 3. c4 b6 4.
g3 Bb7 5. Bg2 Be7 6. O-O O-O 7.
Nc3 Ne4 8. Qc2 Nxc3 9. Qxc3 Be4 10.
Rd1 c5 11. dxc5 bxc5 12. Ne5 Bxg2 13. Kxg2 a5 14. Qf3 Ra7 15. Be3 Qb6 16. b3 d6 17. Nd3 Nc6 18. Rab1 Qc7 19. Nb2 Nb4 20. a3 Nc2 21. Na4 Bf6 22. Bf4 Nd4 23. Qd3 Qc6+ 24. f3 Rb7 25. Nc3 Rfb8 26. Nb5 e5 27. Nxd4 cxd4 28. Bd2 d5 29. cxd5 Qxd5 30. b4 Be7 31. bxa5 g6 32. a6 Rxb1 33. Rxb1 Ra8 34. Rb7 Bd6 35. Bb4 Qc6 36. Qb3 Rf8 37. Bxd6 Qxd6 38. a7 Qa6 39. Qb5 Qxa3 40. Qb4 Qa2 41. Kf2 d3 42.
Qxf8+ Kxf8 43. Rb8+ Kg7 44. a8=Q Qxe2+ 45. Kg1 d2 46. Rg8+ Kh6 47. Qf8+ Kg5 48. Qe7+ Kf5 49. Qxf7+ Kg5 50. h4+ 1-0

[Event "*** Titled Tuesday Blitz"]
[Site "Chess.com"]
[Date "2018.10.02"]
[Round "6"]
[White "robbykevlishvili"]
[Black "Koksik_13"]
[Result "1/2-1/2"]
[WhiteElo "2683"]
[BlackElo "2712"]
[TimeControl "180+2"]
[EndTime "14:22:35 PDT"]
[Termination "Game drawn - insufficient material"]

1. e4 e6 2. d4 d5 3. Nd2 Nc6 4. Ngf3 Nf6 5. e5 Nd7 6. c3 f6 7.
Bb5 Be7 8. exf6 Bxf6 9. O-O O-O 10.
Re1 Re8 11. Nf1 a6 12. Ba4 b5 13. Bc2 e5 14. dxe5 Ndxe5 15. Nxe5 Nxe5 16. Ng3 c6 17. Bf4 Bg4 18. f3 Bd7 19. Nh5 Ng6 20.
Rxe8+ Bxe8 21. Nxf6+ Qxf6 22. Bg3 Bd7 23. Qd4 Qxd4+ 24.
cxd4 Re8 25. Kf2 Kf7 26. a4 Bc8 27. Bd3 Ne7 28. axb5 cxb5 29. Rc1 Bf5 30. Bxf5 Nxf5 31. Be5 Ne7 32. Rc7 Rc8 33. Ra7 Rc2+ 34. Ke3 Ke8 35.
g4 Rxb2 36. Rxa6 g6 37. Bd6 Nc8 38. Bc5 b4 39. h4 b3 40. Ra8 Kd7 41. Rb8 Kc7 42.
Rb4 Rb1 43. Kf4 b2 44. Kg5 Nd6 45. Bxd6+ Kxd6 46. Kh6 Rh1 47. Rxb2 Rxh4+ 48. Kg5 Rh3 49. f4 Rd3 50. Rb6+ Ke7 51. Rb7+ Kf8 52. Rxh7 Rxd4 53. Rd7 Re4 54. Rd6 d4 55. Rxg6 Ke7 56. Kf5 Re2 57.
Ra6 d3 58. Ra4 d2 59. Rd4 Rf2 60. g5 Rg2 61. Kg6 Ke6 62. f5+ Ke5 63. Rd8 Kf4 64. f6 Rxg5+ 65. Kh7 Rh5+ 66. Kg7 Rg5+ 67. Kf8 Ke3 68.
f7 Rf5 69. Kg7 Rxf7+ 70. Kxf7 Ke2 71. Kf6 d1=Q 72. Rxd1 Kxd1 1/2-1/2

[Event "*** Titled Tuesday Blitz"]
[Site "Chess.com"]
[Date "2018.10.02"]
[Round "6"]
[White "Morshynska"]
[Black "Zarikovs1999"]
[Result "1/2-1/2"]
[WhiteElo "2081"]
[BlackElo "2191"]
[TimeControl "180+2"]
[EndTime "14:22:35 PDT"]
[Termination "Game drawn by stalemate"]

1. d4 Nf6 2. c4 c5 3. e3 g6 4. Nf3 Bg7 5. Nc3 O-O 6. dxc5 Na6 7. Be2 Nxc5 8. O-O d6 9. Nd4 a6 10. Bf3 e5 11. Nb3 Qe7 12. Nxc5 dxc5 13. Nd5 Nxd5 14.
Bxd5 Be6 15. e4 Bxd5 16. cxd5 Qd6 17. Be3 f5 18. f3 b5 19. b3 Rac8 20. Rc1 c4 21.
bxc4 bxc4 22. Qa4 fxe4 23. fxe4 Rxf1+ 24. Rxf1 c3 25. Rc1 Qc7 26. Qb3 Qc4 27. d6 Qxb3 28.
axb3 Rd8 29. Bc5 Bf8 30. Rxc3 Bxd6 31. Bxd6 Rxd6 32. Rc5 Rd3 33. Rxe5 Rxb3 34. Re6 Ra3 35. h4 a5 36. Ra6 Ra2 37. Kh2 a4 38. e5 Re2 39. Rxa4 Rxe5 40. Ra7 Rf5 41. g3 Rc5 42. Kh3 Rf5 43. Kg4 Rf7 44. Rxf7 Kxf7 45. h5 Kf6 46. hxg6 hxg6 47. Kf4 g5+ 48. Ke4 g4 49. Kf4 Kf7 50. Kf5 Kg7 51. Kg5 Kf7 52. Kxg4 Kg6 53.
Kf4 Kf6 54. g4 Kg6 55. g5 Kg7 56. Kg4 Kg6 57. Kf4 Kg7 58. Kf5 Kf7 59. g6+ Kg7 60. Kg5 Kg8 61. Kf6 Kf8 62. g7+ Kg8 63. Kg6 1/2-1/2